 Dungeon Sprint DCSS version 0.30-a0-737-gf23d94013f (webtiles) character file.

Game seed: 3287901524789076196

189432 mhtbhm the Human Barricade (level 19, -13/167 (182) HPs)
             Began as a Human Fighter on Feb 3, 2023.
             Was the Champion of Qazlal.
             Killed from afar by Cioplinuva the pandemonium lord (27 damage)
             ... with a bolt of negative energy
             ... in the Dungeon (Sprint V: "Ziggurat Sprint").
             The game lasted 00:18:38 (3062 turns).

mhtbhm the Human Barricade (Human Fighter)          Turns: 3062, Time: 00:18:38

HP:   -13/167 (182) AC: 42    Str: 38      XL:     19   Next: 28%
MP:   14/36         EV:  4    Int:  5 (6)  God:    Qazlal [******]
Gold: 0             SH: 45    Dex: 20      Spells: 36/38 levels left

rFire   + + .      SeeInvis +    a - +12 lance "Wyrmbane" {slay drac, rPois rF+ rC+ AC+3}
rCold   + + +      Faith    .    c - +18 shield of the Gong {Loud rElec rN+ Will+ EV-5}
rNeg    + . .      Spirit   .    b - +5 gold dragon scales
rPois   +          Reflect  .    s - +2 helmet {SInv}
rElec   +          Harm     +    O - scarf {harm}
rCorr   +          Rampage  .    K - +1 pair of gloves of Pride {rC+ Regen+ Int-5 Dex+9}
Will    ++++.      NoTele   +    v - +0 pair of boots "Oqiuhimp" {+Inv Will+ Dex-3} Stlth
                                 t - amulet "Ygiha" {RegenMP rPois rCorr Str+3}
HPRegen 1.27/turn                x - +6 ring of strength
MPRegen 0.65/turn                G - ring of Xom's Attic {Will+ Str+6 Int+2 SInv}

@: wereblooded (expiring), protected from electricity, studying 5 skills,
silenced, drained, repel missiles
A: deterioration 1
a: Renounce Religion, Evoke Invisibility


You were in the Dungeon.
You worshipped Qazlal.
Qazlal was exalted by your worship.
You visited 1 branch

Inventory:

Hand Weapons
 a - the +12 lance "Wyrmbane" (weapon) {slay drac, rPois rF+ rC+ AC+3}
   (You found it in the Dungeon)

   AC:        It affects your AC (+3).
   rF:        It protects you from fire.
   rC:        It protects you from cold.
   rPois:     It protects you from poison.
Armour
 b - +5 gold dragon scales (worn)
 c - the +18 shield of the Gong (worn) {Loud rElec rN+ Will+ EV-5}
   (You found it in the Dungeon)

   Loud:      It is deafeningly noisy when blocking attacks.
   EV:        It affects your evasion (-5).
   rElec:     It insulates you from electricity.
   rN:        It protects you from negative energy.
   Will:      It increases your willpower.
 s - a +2 helmet of see invisible (worn)
 v - the +0 pair of boots "Oqiuhimp" (worn) {+Inv Will+ Dex-3}
   (You found it in the Dungeon)

   Dex:       It affects your dexterity (-3).
   +Inv:      It lets you turn invisible.
   Will:      It increases your willpower.
 K - the +1 pair of gloves of Pride (worn) {rC+ Regen+ Int-5 Dex+9}
   (You found it in the Dungeon)

   Int:       It affects your intelligence (-5).
   Dex:       It affects your dexterity (+9).
   rC:        It protects you from cold.
   Regen:     It increases your rate of health regeneration.
 O - a scarf of harm (worn)
Jewellery
 n - the ring "Jisequ Gifykk" {rC+ rN+ Will+ Dex+4}
   (You found it in the Dungeon)

   [ring of positive energy]

   Dex:       It affects your dexterity (+4).
   rC:        It protects you from cold.
   rN:        It protects you from negative energy.
   Will:      It increases your willpower.
 t - the amulet "Ygiha" (around neck) {RegenMP rPois rCorr Str+3}
   (You found it in the Dungeon)

   [amulet of magic regeneration]

   It increases your rate of magic regeneration.
   Str:       It affects your strength (+3).
   rPois:     It protects you from poison.
   rCorr:     It protects you from acid and corrosion.
 x - a +6 ring of strength (left hand)
 G - the ring of Xom's Attic (right hand) {Will+ Str+6 Int+2 SInv}
   (You found it in the Dungeon)

   [ring of strength]

   Str:       It affects your strength (+6).
   Int:       It affects your intelligence (+2).
   SInv:      It lets you see invisible.
   Will:      It increases your willpower.
 J - the necklace of Bloodlust {Fury *Rage Will++ Int-3 Slay+6}
   (You found it in the Dungeon)

   [amulet of nothing]

   Fury:      It extends the wearer's berserk rage when killing foes.
   Int:       It affects your intelligence (-3).
   Slay:      It affects your accuracy & damage with ranged weapons and melee
   (+6).
   *Rage:     It berserks you when you make melee attacks (+50% chance).
   Will:      It greatly increases your willpower.
 T - the dreamshard necklace {*Dream Drain}
   (You took it off a deep elf zephyrmancer in the Dungeon)

   [amulet of nothing]

   *Dream:    It shatters if its wearer takes lethal or near-lethal damage,
   preventing the blow and releasing protective dreams that heal and fight for
   the wearer.
   Drain:     It drains your maximum health when unequipped.
Wands
 z - a wand of mindburst (7)
 A - a wand of iceblast (7)
 B - a wand of light (4)
Scrolls
 j - 3 scrolls of blinking
 o - 4 scrolls of amnesia
 p - 6 scrolls of fog
 q - 5 scrolls of identify
 r - 2 scrolls of fear
 F - 9 scrolls of brand weapon
Potions
 d - 10 potions of might
 e - 10 potions of curing
 f - 4 potions of heal wounds
 g - 14 potions of haste
 h - 7 potions of magic
 i - 2 potions of berserk rage
 k - 2 potions of brilliance
 l - 2 potions of invisibility
 m - 4 potions of resistance
Miscellaneous
 u - a box of beasts
 w - a condenser vane (inert)
 C - a lightning rod (4/4)
 D - a tin of tremorstones (2/2)
 E - a phantom mirror


   Skills:
 + Level 24.7 Fighting
 + Level 22.1 Polearms
 + Level 24.8 Armour
 + Level 1.0 Dodging
 + Level 9.6 Stealth
 O Level 27 Shields
 - Level 10.0 Spellcasting
 - Level 14.9 Transmutations
 O Level 27 Invocations
 + Level 11.4 Evocations


You had 36 spell levels left.
You knew the following spells:

 Your Spells              Type           Power      Damage    Failure   Level
a - Wereblood             Tmut           17%        N/A       1%          2

Your spell library contained the following spells:

 Spells                   Type           Power      Damage    Failure   Level
 Sting                    Tmut/Pois      36%        1d4       4%          1
 Blade Hands              Tmut           8%         N/A       4%          5
 Passwall                 Tmut/Erth      7%         N/A       6%          2
 Ignite Poison            Fire/Tmut/Pois 7%         N/A       32%         3
 Ice Form                 Ice/Tmut       9%         N/A       36%         4
 Petrify                  Tmut/Erth      9%         N/A       36%         4
 Apportation              Tloc           4%         N/A       63%         1
 Foxfire                  Conj/Fire      8%         2x1d4     63%         1
 Kiss of Death            Conj/Necr      8%         2d6       63%         1
 Magic Dart               Conj           8%         1d3       63%         1
 Necrotise                Necr           8%         1d4       63%         1
 Summon Small Mammal      Summ           8%         N/A       63%         1
 Alistair's Intoxication  Tmut/Pois      6%         N/A       73%         5
 Yara's Violent Unravell  Hex/Tmut       4%         3d4       73%         5
 Cigotuvi's Dreadful Rot  Necr/Pois/Air  4%         N/A       77%         2
 Momentum Strike          Conj/Tloc      4%         3d8       77%         2
 Poisonous Vapours        Pois/Air       4%         N/A       77%         2
 Searing Ray              Conj           4%         2d4       77%         2
 Sublimation of Blood     Necr           2%         N/A       77%         2
 Confusing Touch          Hex            2%         N/A       94%         3
 Dazzling Flash           Conj/Hex       4%         N/A       94%         3
 Frozen Ramparts          Ice            4%         1d1       94%         3
 Gell's Gravitas          Tloc           2%         N/A       94%         3
 Inner Flame              Hex/Fire       2%         N/A       94%         3
 Mephitic Cloud           Conj/Pois/Air  2%         N/A       94%         3
 Ozocubu's Armour         Ice            2%         N/A       94%         3
 Portal Projectile        Hex/Tloc       4%         N/A       94%         3
 Stone Arrow              Conj/Erth      4%         3d7       94%         3
 Swiftness                Air            2%         N/A       94%         3
 Teleport Other           Tloc           2%         N/A       94%         3
 Tukima's Dance           Hex            2%         N/A       94%         3
 Vampiric Draining        Necr           2%         2d6       94%         3
 Vhi's Electric Charge    Tloc/Air       4%         N/A       94%         3
 Eringya's Noxious Bog    Tmut/Pois      4%         N/A       99%         6
 Statue Form              Tmut/Erth      6%         N/A       99%         6
 Anguish                  Hex/Necr       1%         N/A       100%        4
 Animate Armour           Summ/Erth      4%         N/A       100%        4
 Animate Dead             Necr           2%         N/A       100%        4
 Cause Fear               Hex            1%         N/A       100%        4
 Dispel Undead            Necr           2%         3d7       100%        4
 Fulminant Prism          Conj/Hex       1%         3d5       100%        4
 Manifold Assault         Tloc           2%         N/A       100%        4
 Olgreb's Toxic Radiance  Pois           2%         N/A       100%        4
 Sticky Flame             Conj/Fire      2%         2d3       100%        4
 Summon Ice Beast         Ice/Summ       2%         N/A       100%        4
 Agony                    Necr           2%         N/A       100%        5
 Borgnjor's Vile Clutch   Necr/Erth      1%         N/A       100%        5
 Fireball                 Conj/Fire      1%         3d3       100%        5
 Freezing Cloud           Conj/Ice/Air   1%         6-21      100%        5
 Iskenderun's Battlesphe  Conj           2%         2d6       100%        5
 Lightning Bolt           Conj/Air       1%         1d12      100%        5
 Metabolic Englaciation   Hex/Ice        1%         N/A       100%        5
 Silence                  Hex/Air        1%         N/A       100%        5
 Conjure Ball Lightning   Conj/Air       1%         3x3d6     100%        6
 Death Channel            Necr           1%         N/A       100%        6
 Dispersal                Tloc           1%         N/A       100%        6
 Iron Shot                Conj/Erth      1%         9d1       100%        6
 Simulacrum               Ice/Necr       1%         N/A       100%        6
 Starburst                Conj/Fire      1%         6d3       100%        6
 Enfeeble                 Hex            1%         N/A       100%        7
 Haunt                    Necr/Summ      1%         N/A       100%        7
 Malign Gateway           Summ/Tloc      1%         N/A       100%        7
 Ozocubu's Refrigeration  Ice            1%         4d7       100%        7
 Spellforged Servitor     Conj/Summ      1%         N/A       100%        7
 Storm Form               Tmut/Air       4%         N/A       100%        7
 Summon Hydra             Summ           1%         N/A       100%        7
 Borgnjor's Revivificati  Necr           1%         N/A       100%        8
 Discord                  Hex            1%         N/A       100%        8
 Disjunction              Tloc           1%         N/A       100%        8
 Ignition                 Fire           1%         3d3       100%        8
 Lehudib's Crystal Spear  Conj/Erth      1%         10d2      100%        8
 Necromutation            Tmut/Necr      4%         N/A       100%        8
 Chain Lightning          Conj/Air       1%         3d1       100%        9
 Death's Door             Necr           1%         N/A       100%        9
 Fire Storm               Conj/Fire      1%         7d1       100%        9
 Polar Vortex             Ice            1%         N/A       100%        9
 Shatter                  Erth           1%         3d5*      100%        9


Dungeon Overview and Level Annotations

Branches:
Dungeon (1/1)

Altars:
Ashenzari
Cheibriados
Dithmenos
Elyvilon
Fedhas
Gozag
Hepliaklqana
Kikubaaqudgha
Makhleb
Nemelex Xobeh
Okawaru
Qazlal
Ru
Sif Muna
Trog
Uskayaw
Vehumet
Wu Jian
Xom
Yredelemnul
Zin
The Shining One
Jiyva
Lugonu


Innate Abilities, Weirdness & Mutations

Your body sometimes deteriorates upon taking damage.


Message History

Tosutami gestures at you. The bolt of lightning hits you. You resist.
You feel more protected from electricity.
The bolt of lightning hits the fire vortex!!
The fire vortex resists.
The fire vortex dissipates!
Your air elemental hits Toerur.
Your Polearms skill increases to level 22!
Unknown command.
Unknown command.
Clouds of flame condense around you!
The condenser dries out!
Toerur is no longer paralysed.
Your air elemental hits Toerur.
Finaotuisab fires a harpoon shot at you.
The harpoon shot hits you but does no damage.
Jir Extu completely misses you.
Toerur is engulfed in blazing flames.
Ocenolup is engulfed in blazing flames.
Udwe is engulfed in blazing flames.
Cioplinuva gestures at you.
The bolt of negative energy hits Ocenolup.
Ocenolup completely resists.
The bolt of negative energy hits you!!! You partially resist.
You feel drained.
* * * LOW HITPOINT WARNING * * *
Your body deteriorates!
You feel dopey.
Etsius is engulfed in blazing flames.
Sainn is engulfed in blazing flames.
Kaup is engulfed in blazing flames.
Siwkecoc is engulfed in blazing flames.
Homacy is engulfed in blazing flames.
The cacodemon is engulfed in blazing flames.
Porph gestures at Toerur.
Toerur resists with almost no effort.
Your air elemental hits Toerur but does no damage.
Cextoca is engulfed in blazing flames.
Cextoca gestures.
Cextoca seems to speed up.
Jir Extu is engulfed in blazing flames.
You block Jir Extu's attack.
Toerur is engulfed in blazing flames.
Cioplinuva gestures at you.
The bolt of negative energy hits Ocenolup.
Ocenolup completely resists.
The bolt of negative energy hits the ball lightning.
The ball lightning completely resists.
The bolt of negative energy hits you!! You partially resist.
You feel drained.
You die...

).....▓
...☼......6....
......▓
.○≈≈.§§&§&§§§§.
......▓
.○°§§§§§&§§§§§.
......▓
..○§§&&2&§&§&§.
......▓
≈≈≈§§&&&&&§§E§.
.▓....▓
≈≈▓≈§§°§&§&.▓≈.
▓▓▓...▓
.▓≈▓§§*&°§.▓.▓.
.▓....▓
..▓..§&§☼○≈§▓§.
......▓
...≈.○§@§§°§§§.
......▓
..≈.≈.°○..≈§§v.
......▓
≈..≈.☼.○.≈≈≈...
▓▓▓▓▓▓▓
▓▓▓▓▓▓▓▓▓▓▓▓▓▓▓


You could see Cextoca (fast, unsilenced), Cioplinuva (silencing, clouds,
unsilenced), Etsius (fast, unsilenced), Finaotuisab (unsilenced), Homacy
(silencing, unsilenced), Jir Extu, Kaup, Ocenolup (unsilenced, distracted),
Porph (unsilenced), Roaraoc (unsilenced), Sainn (unsilenced, distracted),
Siwkecoc (silencing, clouds, unsilenced, distracted), Toerur (invisible,
unsilenced, ally target), Tosutami (unsilenced), Udwe, Zeosmoh (unsilenced), a
cacodemon (unsilenced), a fire vortex (unaware), a ball lightning, the friendly
Porph (summoned, unsilenced, drained) and a friendly air elemental (summoned,
unsilenced).

Vanquished Creatures
  6 shard shrikes (shapeshifter) (D)
  5 pandemonium lords (D)
  A titan (shapeshifter) (D)
  8 deep elf master archers (D)
  An acid blob (shapeshifter) (D)
  3 deep elf blademasters (D)
  An acid blob (D)
  3 storm dragons (D)
  2 fire giants (D)
  A fire giant (shapeshifter) (D)
  A fenstrider witch (shapeshifter) (D)
  2 azure jellies (D)
  2 nagarajas (D)
  2 rockslimes (shapeshifter) (D)
  A frost giant (shapeshifter) (D)
  4 frost giants (D)
  5 deep elf sorcerers (D)
  2 balrugs (D)
  5 stone giants (D)
  5 very ugly things (D)
  A quicksilver ooze (shapeshifter) (D)
  A stone giant (shapeshifter) (D)
  2 dire elephants (D)
  2 spark wasps (shapeshifter) (D)
  4 deep elf annihilators (D)
  2 dire elephants (shapeshifter) (D)
  A minotaur (shapeshifter) (D)
  3 blizzard demons (D)
  4 merfolk javelineers (D)
  3 merfolk impalers (D)
  2 deep elf high priests (D)
  A great orb of eyes (D)
  A hydra (shapeshifter) (D)
  2 hydras (D)
  A great orb of eyes (shapeshifter) (D)
  A spriggan air mage (D)
  A salamander tyrant (D)
  A jorogumo (shapeshifter) (D)
  4 ice dragons (D)
  A two-headed ogre (shapeshifter) (D)
  2 anacondas (D)
  A centaur warrior (D)
  2 catoblepae (D)
  A death yak (shapeshifter) (D)
  2 naga warriors (D)
  A merfolk aquamancer (D)
  5 two-headed ogres (D)
  6 dancing weapons (D)
  3 hell hogs (D)
  2 satyrs (shapeshifter) (D)
  2 shock serpents (shapeshifter) (D)
  3 deep elf knights (D)
  A fire crab (shapeshifter) (D)
  3 sea snakes (D)
  2 sea snakes (shapeshifter) (D)
  A death drake (shapeshifter) (D)
  2 orb spiders (shapeshifter) (D)
  A swamp dragon (shapeshifter) (D)
  A spriggan druid (D)
  2 glowing orange brains (shapeshifter) (D)
  A deep troll (shapeshifter) (D)
  A deep elf archer (D)
  2 lindwurms (shapeshifter) (D)
  9 deep elf zephyrmancers (D)
  A steelbarb worm (shapeshifter) (D)
  A lindwurm (D)
  2 deep elf pyromancers (D)
  2 harpies (shapeshifter) (D)
  A mana viper (shapeshifter) (D)
  2 shining eyes (D)
  3 ugly things (D)
  2 manticores (D)
  3 cyclopes (D)
  2 manticores (shapeshifter) (D)
  A faun (shapeshifter) (D)
  3 wolf spiders (shapeshifter) (D)
  2 moths of wrath (shapeshifter) (D)
  4 naga magi (D)
  3 slime creatures (D)
  3 elephants (shapeshifter) (D)
  A black mamba (D)
  A black mamba (shapeshifter) (D)
  3 merfolk sirens (D)
  3 water nymphs (shapeshifter) (D)
  An eye of devastation (shapeshifter) (D)
  2 torpor snails (shapeshifter) (D)
  An eye of devastation (D)
  3 guardian serpents (shapeshifter) (D)
  5 cane toads (D)
  3 guardian serpents (D)
  A cane toad (shapeshifter) (D)
  7 komodo dragons (D)
  2 rime drakes (shapeshifter) (D)
  2 rime drakes (D)
  A yaktaur (D)
  A komodo dragon (shapeshifter) (D)
  2 ice devils (D)
  4 freezing wraiths (D)
  4 polar bears (D)
  A merfolk (D)
  3 hornets (D)
  5 trolls (D)
  A meliai (shapeshifter) (D)
  2 trolls (shapeshifter) (D)
  A polar bear (shapeshifter) (D)
  A blink frog (shapeshifter) (D)
  3 wind drakes (D)
  A wind drake (shapeshifter) (D)
  3 dream sheep (shapeshifter) (D)
  2 tarantellas (shapeshifter) (D)
  2 blink frogs (D)
  A raiju (shapeshifter) (D)
  A snapping turtle (D)
  5 air elementals (D)
  A jumping spider (shapeshifter) (D)
  5 spriggans (D)
  2 water elementals (D)
  A ynoxinul (D)
  A spriggan (shapeshifter) (D)
  4 yaks (D)
  3 basilisks (D)
  A yak (shapeshifter) (D)
  A golden eye (D)
  3 neqoxecs (D)
  2 nagas (D)
  A hell hound (D)
  7 water moccasins (D)
  4 floating eyes (D)
  2 floating eyes (shapeshifter) (D)
  3 ice beasts (D)
  A sky beast (shapeshifter) (D)
  2 wolves (D)
  A bullfrog (shapeshifter) (D)
  A necrophage (D)
  3 earth elementals (D)
  A wight (D)
  4 quasits (D)
  8 jellies (D)
  2 orc priests (D)
  2 orc wizards (D)
  An adder (D)
  2 white imps (D)
  2 adder simulacra (D)
  An orc (D)
  2 ball pythons (D)
  5 endoplasms (D)
  2 jackals (D)
  A bat simulacrum (D)
350 creatures vanquished.

Vanquished Creatures (collateral kills)
  A pandemonium lord (D)
  2 fire giants (D)
  A stone giant (D)
  3 merfolk javelineers (D)
  A spriggan air mage (D)
  A hell hog (D)
  2 cyclopes (D)
  An air elemental (D)
  A centaur (D)
13 creatures vanquished.

Vanquished Creatures (others)
  2 pandemonium lords (D)
  A Brimstone Fiend (D)
  A fire giant (D)
  A deep elf knight (D)
  An orange demon (D)
  A hellwing (D)
  A troll (shapeshifter) (D)
  A naga (D)
  A ball python skeleton (D)
  8 ball lightnings (D)
  6 fire vortices (D)
24 creatures vanquished.

Grand Total: 387 creatures vanquished

Notes
Turn   | Place    | Note
-------+----------+-------------------------------------------
     0 | D        | mhtbhm the Human Fighter began the quest for the Orb.
     0 | D        | Reached XP level 1. HP: 18/18 MP: 1/1
     0 | D        | Found a shimmering blue altar of Sif Muna.
     0 | D        | Found a bloodstained altar of Trog.
     0 | D        | Found a sacrificial altar of Ru.
     0 | D        | Found a stormy altar of Qazlal.
     0 | D        | Found an iron altar of Okawaru.
     1 | D        | Found a sparkling altar of Nemelex Xobeh.
     1 | D        | Found a blossoming altar of Fedhas.
     1 | D        | Found the +6 Majin-Bo {spellvamp, MP+6 Int+6}
     1 | D        | Found the +27 heavy crossbow "Sniper" {heavy, Acc+∞ SInv}
     1 | D        | Found the +10 dark maul {heavy}
     1 | D        | Found the +15 Maxwell's patent armour {-Cast -Tele rElec
                  | Will+ rCorr}
     1 | D        | Found the +18 shield of the Gong {Loud rElec rN+ Will+
                  | EV-5}
     1 | D        | Found the +16 obsidian axe {drain, demonic, Mesm Drain Fly
                  | SInv}
     1 | D        | Found the +7 great mace "Firestarter" {flame, inner flame,
                  | rFlCloud rF++}
     1 | D        | Found the +6 shillelagh "Devastator" {shatter}
     1 | D        | Found the +11 plutonium sword {Contam Stlth-}
     1 | D        | Found the +8 lance "Wyrmbane" {slay drac, rPois rF+ rC+
                  | AC+3}
     1 | D        | Found the +9 sword of Zonguldrok {reap}
     1 | D        | Found the +13 scythe of Curses {drain, curses, Drain}
     1 | D        | Found the +9 sword of Power {lifebolt}
     1 | D        | Found the +7 mace of Variability {chaos, chain chaos}
     1 | D        | Found the +11 Singing Sword {sonic wave}
     1 | D        | Found the +8 storm bow {elec, penet}
     3 | D        | Found a transporter.
     3 | D        | Found an ancient bone altar of Kikubaaqudgha.
     3 | D        | Found a viscous altar of Jiyva.
     3 | D        | Found a corrupted altar of Lugonu.
     3 | D        | Found a hazy altar of Hepliaklqana.
     3 | D        | Found a burning altar of Makhleb.
     3 | D        | Found an opulent altar of Gozag.
    29 | D        | Became a worshipper of Qazlal Stormbringer
   124 | D        | Entered arena 2.
   124 | D        | Noticed a wight
   124 | D        | Noticed a necrophage
   124 | D        | Found a transporter.
   127 | D        | Killed a wight
   128 | D        | Reached XP level 2. HP: 16/26 MP: 2/2
   128 | D        | Reached XP level 3. HP: 19/32 MP: 3/3
   128 | D        | Reached XP level 4. HP: 23/38 MP: 4/4
   130 | D        | Killed a necrophage
   131 | D        | Reached skill level 5 in Fighting
   131 | D        | Reached skill level 5 in Armour
   131 | D        | Reached skill level 5 in Shields
   131 | D        | Reached XP level 5. HP: 29/46 MP: 5/5
   197 | D        | Entered arena 3.
   197 | D        | Noticed a hell hound
   197 | D        | Found a transporter.
   203 | D        | Killed a hell hound
   203 | D        | Reached * piety under Qazlal
   204 | D        | Reached XP level 6. HP: 40/53 MP: 6/6
   215 | D        | Reached skill level 5 in Polearms
   222 | D        | Got the amulet "Ygiha" {RegenMP rPois rCorr Str+3}
   254 | D        | Entered arena 4.
   254 | D        | Noticed a deep elf zephyrmancer
   254 | D        | Noticed a deep elf zephyrmancer
   254 | D        | Noticed a +4 war axe of draining
   254 | D        | Noticed an air elemental
   254 | D        | Found a transporter.
   258 | D        | Paralysed by an air elemental for 1 turns
   261 | D        | Killed an air elemental
   262 | D        | Reached XP level 7. HP: 49/60 MP: 6/9
   266 | D        | Killed a +4 war axe of draining
   266 | D        | Reached ** piety under Qazlal
   267 | D        | Reached skill level 10 in Shields
   267 | D        | Reached skill level 5 in Invocations
   267 | D        | Reached XP level 8. HP: 48/69 MP: 7/12
   270 | D        | Killed a deep elf zephyrmancer
   271 | D        | Reached XP level 9. HP: 54/75 MP: 8/14
   275 | D        | Killed a deep elf zephyrmancer
   276 | D        | Reached skill level 10 in Armour
   310 | D        | Learned a level 2 spell: Wereblood
   402 | D        | Entered arena 5.
   402 | D        | Found a transporter.
   407 | D        | Reached *** piety under Qazlal
   425 | D        | Entered arena 6.
   425 | D        | Found a transporter.
   428 | D        | Reached **** piety under Qazlal
   521 | D        | Entered arena 7.
   521 | D        | Noticed a shining eye
   528 | D        | Reached ***** piety under Qazlal
   530 | D        | Killed a shining eye
   542 | D        | Reached XP level 10. HP: 73/85 MP: 16/16
   542 | D        | Found a transporter.
   582 | D        | Entered arena 8.
   582 | D        | Noticed a komodo dragon
   582 | D        | Noticed a cane toad
   583 | D        | Found a transporter.
   588 | D        | Killed a cane toad
   593 | D        | Reached skill level 10 in Fighting
   593 | D        | Reached skill level 1 in Evocations
   594 | D        | Killed a komodo dragon
   594 | D        | Reached ****** piety under Qazlal
   765 | D        | Entered arena 9.
   765 | D        | Noticed a spriggan druid
   765 | D        | Noticed a spriggan rider
   765 | D        | Noticed a spriggan rider
   765 | D        | Noticed a spriggan rider
   766 | D        | Killed a spriggan druid
   767 | D        | Reached skill level 10 in Polearms
   767 | D        | Reached skill level 10 in Invocations
   774 | D        | Killed a spriggan rider
   778 | D        | Reached XP level 11. HP: 83/92 MP: 19/19
   792 | D        | Found a transporter.
   860 | D        | Entered arena 10.
   860 | D        | Noticed a white ugly thing
   860 | D        | Noticed an entropy weaver
   862 | D        | Found a transporter.
   866 | D        | Reached skill level 15 in Shields
   870 | D        | Killed a white ugly thing
   873 | D        | a yak changed into a harpy
   873 | D        | Noticed a harpy (shapeshifter)
   875 | D        | an entropy weaver changed into a rime drake
   883 | D        | Killed a harpy
   896 | D        | Got the ring of Awkumm {rN+ Stlth+}
   908 | D        | Entered arena 11.
   910 | D        | Found a transporter.
   919 | D        | Reached skill level 1 in Spellcasting
  1062 | D        | Entered arena 12.
  1062 | D        | Noticed a hell hog
  1062 | D        | Noticed a balrug
  1062 | D        | Noticed a hell hog
  1062 | D        | Noticed a fire giant
  1062 | D        | Noticed a salamander tyrant
  1062 | D        | Noticed a fire giant
  1063 | D        | Noticed a hell hog
  1064 | D        | Noticed a hell hog
  1065 | D        | Noticed a fire giant
  1066 | D        | Killed a balrug
  1067 | D        | Killed a hell hog
  1075 | D        | Noticed a balrug
  1075 | D        | Killed a hell hog
  1075 | D        | Killed a hell hog
  1075 | D        | Killed a salamander tyrant
  1075 | D        | Killed a balrug
  1076 | D        | Reached XP level 12. HP: 57/100 MP: 8/21
  1077 | D        | Killed a fire giant
  1078 | D        | Reached skill level 5 in Spellcasting
  1078 | D        | Killed a hell hog
  1078 | D        | Killed a fire giant
  1080 | D        | Killed a fire giant
  1112 | D        | Found a transporter.
  1242 | D        | Entered arena 13.
  1242 | D        | Noticed a spriggan air mage
  1242 | D        | Noticed a storm dragon
  1242 | D        | Noticed a spriggan air mage
  1243 | D        | Noticed a storm dragon
  1243 | D        | Noticed a storm dragon
  1246 | D        | Paralysed by an air elemental for 1 turns
  1257 | D        | Killed a spriggan air mage
  1258 | D        | Reached skill level 1 in Stealth
  1260 | D        | Killed a storm dragon
  1265 | D        | Killed a storm dragon
  1266 | D        | Reached XP level 13. HP: 42/106 MP: 22/24
  1266 | D        | Found a transporter.
  1273 | D        | Killed a storm dragon
  1274 | D        | Reached skill level 15 in Invocations
  1281 | D        | Killed a spriggan air mage
  1300 | D        | Got the Dissertation on Combative Kindling
  1303 | D        | Got the ring "Iryonor" {Will- rCorr Str+5 Stlth+}
  1454 | D        | Entered arena 14.
  1454 | D        | Noticed a blizzard demon
  1454 | D        | Noticed an ice dragon
  1454 | D        | Noticed a blizzard demon
  1456 | D        | Killed a blizzard demon
  1457 | D        | Noticed a blizzard demon
  1458 | D        | Noticed an ice dragon
  1462 | D        | Killed an ice dragon
  1467 | D        | Killed a blizzard demon
  1469 | D        | Killed an ice dragon
  1471 | D        | Found a transporter.
  1479 | D        | Killed a blizzard demon
  1568 | D        | Entered arena 15.
  1568 | D        | Noticed a merfolk javelineer
  1568 | D        | Noticed a deep elf master archer
  1569 | D        | Noticed a stone giant
  1569 | D        | Noticed a stone giant
  1569 | D        | Identified the +9 dagger of Xuarryt {heavy, MP+9}
  1569 | D        | Noticed a centaur warrior
  1569 | D        | Noticed a merfolk javelineer
  1569 | D        | Noticed a deep elf master archer
  1570 | D        | Noticed a merfolk javelineer
  1570 | D        | Noticed a merfolk javelineer
  1574 | D        | Found a transporter.
  1574 | D        | Killed a deep elf master archer
  1575 | D        | Killed a merfolk javelineer
  1575 | D        | Killed a merfolk javelineer
  1575 | D        | Killed a merfolk javelineer
  1576 | D        | Killed a centaur warrior
  1577 | D        | Killed a merfolk javelineer
  1578 | D        | Killed a deep elf master archer
  1580 | D        | Killed a stone giant
  1581 | D        | Reached XP level 14. HP: 40/115 MP: 20/27
  1581 | D        | Killed a stone giant
  1582 | D        | Reached skill level 10 in Spellcasting
  1809 | D        | Entered arena 16.
  1809 | D        | Noticed an azure jelly
  1810 | D        | Noticed an acid blob
  1811 | D        | Noticed an azure jelly
  1813 | D        | Reached skill level 5 in Evocations
  1816 | D        | Killed an azure jelly
  1816 | D        | Killed an azure jelly
  1826 | D        | Killed an acid blob
  1834 | D        | Found a transporter.
  1855 | D        | Got the amulet "Xeeb" {Acrobat Str+4 Stlth+}
  1860 | D        | Got the +1 pair of gloves of Pride {rC+ Regen+ Int-5 Dex+9}
  2039 | D        | Entered arena 17.
  2041 | D        | Noticed a frost giant
  2042 | D        | Found the necklace of Bloodlust {Fury *Rage Will++ Int-3
                  | Slay+6}
  2042 | D        | Noticed a frost giant
  2042 | D        | Noticed a frost giant
  2045 | D        | Reached skill level 15 in Armour
  2049 | D        | Killed a frost giant
  2050 | D        | Reached skill level 5 in Transmutations
  2050 | D        | Killed a frost giant
  2051 | D        | Killed a frost giant
  2052 | D        | Found a transporter.
  2094 | D        | Reached skill level 1 in Dodging
  2094 | D        | Reached XP level 15. HP: 123/123 MP: 29/29
  2096 | D        | Entered arena 18.
  2098 | D        | Identified the +7 shortbow of Otuates {flame, Drain rElec
                  | rPois Int+2}
  2099 | D        | Identified the +5 mace "Meluthro" {heavy, rF++}
  2099 | D        | Identified the +1 battleaxe "Hedezurr" {drain, rElec rN+
                  | Dex+4 Stlth-}
  2099 | D        | Identified the +5 broad axe "Jellybane" {vamp, Int+4}
  2114 | D        | Found a transporter.
  2152 | D        | Entered arena 19.
  2154 | D        | Noticed a stone giant
  2154 | D        | Noticed a stone giant
  2155 | D        | Noticed a frost giant
  2155 | D        | Noticed a fire giant
  2155 | D        | Noticed a fire giant
  2155 | D        | Noticed a stone giant
  2156 | D        | Noticed a stone giant
  2161 | D        | Killed a stone giant
  2166 | D        | Reached skill level 5 in Stealth
  2166 | D        | Reached XP level 16. HP: 115/132 MP: 30/30
  2173 | D        | Killed a fire giant
  2183 | D        | Killed a fire giant
  2184 | D        | Reached skill level 15 in Polearms
  2213 | D        | Killed a frost giant
  2216 | D        | Found a transporter.
  2230 | D        | Got the ring "Jisequ Gifykk" {rC+ rN+ Will+ Dex+4}
  2233 | D        | Got the ring of Xom's Attic {Will+ Str+6 Int+2 SInv}
  2265 | D        | Entered arena 20.
  2277 | D        | Reached skill level 10 in Transmutations
  2316 | D        | Found a transporter.
  2327 | D        | Got the Quarto of the Welkin
  2329 | D        | Got the ring of Beauty {Contam rElec rPois AC+4 SInv}
  2335 | D        | Got the ring of the Aged Blushing Yaks {MP+9 Str+4}
  2337 | D        | Got the Exposition on the Scorched Winter
  2348 | D        | Got the ring "Riulyux" {Will+ MP+9}
  2366 | D        | Entered arena 21.
  2370 | D        | Noticed a nagaraja
  2371 | D        | Noticed a nagaraja
  2394 | D        | Killed a nagaraja
  2397 | D        | Killed a nagaraja
  2399 | D        | Found a transporter.
  2435 | D        | Got Ojerunk's Writings on Assaults
  2452 | D        | Got the ring "Popyc" {rElec rF- rC++ rN+ Str+6}
  2466 | D        | Entered arena 22.
  2471 | D        | Found the +8 Vampire's Tooth {megavamp}
  2474 | D        | Reached skill level 15 in Fighting
  2484 | D        | Reached XP level 17. HP: 134/142 MP: 26/32
  2508 | D        | Found a transporter.
  2546 | D        | Got the Notes on Assistive Reconstruction
  2564 | D        | Entered arena 23.
  2568 | D        | Noticed a shard shrike
  2569 | D        | Noticed a shard shrike
  2569 | D        | Noticed a shard shrike
  2571 | D        | a glowing shapeshifter changed into a shard shrike
  2571 | D        | Noticed a shard shrike (glowing shapeshifter)
  2571 | D        | a shard shrike changed into a rockslime
  2571 | D        | a rockslime changed into a juggernaut
  2571 | D        | Noticed a juggernaut (glowing shapeshifter)
  2573 | D        | Killed a shard shrike
  2573 | D        | Killed a shard shrike
  2573 | D        | Noticed a shard shrike
  2576 | D        | a juggernaut changed into a titan
  2576 | D        | Noticed a titan (glowing shapeshifter)
  2580 | D        | Killed a titan
  2580 | D        | a shard shrike changed into a juggernaut
  2580 | D        | Noticed a juggernaut (glowing shapeshifter)
  2582 | D        | a juggernaut changed into a rockslime
  2584 | D        | a rockslime changed into a juggernaut
  2584 | D        | Noticed a juggernaut (glowing shapeshifter)
  2588 | D        | a juggernaut changed into a titan
  2588 | D        | Noticed a titan (glowing shapeshifter)
  2588 | D        | a death yak changed into a storm dragon
  2588 | D        | Noticed a storm dragon (glowing shapeshifter)
  2592 | D        | a titan changed into a shard shrike
  2592 | D        | Noticed a shard shrike (glowing shapeshifter)
  2596 | D        | a storm dragon changed into a four-headed hydra
  2599 | D        | Killed a shard shrike
  2624 | D        | Found the +9 staff of Olgreb {rPois∞}
  2625 | D        | Found a transporter.
  2656 | D        | Got the ring of the Messenger {Wiz rElec rF+}
  2731 | D        | Entered arena 24.
  2736 | D        | a glowing shapeshifter changed into a shard shrike
  2736 | D        | Noticed a shard shrike (glowing shapeshifter)
  2736 | D        | a glowing shapeshifter changed into a juggernaut
  2736 | D        | Noticed a juggernaut (glowing shapeshifter)
  2736 | D        | a glowing shapeshifter changed into a juggernaut
  2736 | D        | Noticed a juggernaut (glowing shapeshifter)
  2737 | D        | a juggernaut changed into a shard shrike
  2737 | D        | Noticed a shard shrike (glowing shapeshifter)
  2737 | D        | Noticed a shard shrike
  2738 | D        | Killed a shard shrike
  2738 | D        | Killed a shard shrike
  2738 | D        | a juggernaut changed into an acid blob
  2738 | D        | Noticed an acid blob (glowing shapeshifter)
  2739 | D        | a fenstrider witch changed into a golden dragon
  2739 | D        | Noticed a golden dragon (glowing shapeshifter)
  2739 | D        | a shard shrike changed into a golden dragon
  2739 | D        | Noticed a golden dragon (glowing shapeshifter)
  2739 | D        | Noticed an iron giant
  2740 | D        | a golden dragon changed into a caustic shrike
  2740 | D        | Noticed a caustic shrike (glowing shapeshifter)
  2740 | D        | a rockslime changed into a juggernaut
  2740 | D        | Noticed a juggernaut (glowing shapeshifter)
  2741 | D        | Noticed a juggernaut
  2742 | D        | Noticed a juggernaut
  2742 | D        | a caustic shrike changed into an iron giant
  2742 | D        | Noticed an iron giant (glowing shapeshifter)
  2742 | D        | an acid blob changed into a caustic shrike
  2742 | D        | Noticed a caustic shrike (glowing shapeshifter)
  2743 | D        | Reached skill level 27 in Shields
  2743 | D        | an iron giant changed into an iron dragon
  2743 | D        | an iron giant changed into a fire giant
  2743 | D        | Gained mutation: Your body sometimes deteriorates upon
                  | taking damage. [a shining eye]
  2744 | D        | a golden dragon changed into a caustic shrike
  2744 | D        | Noticed a caustic shrike (glowing shapeshifter)
  2746 | D        | a juggernaut changed into a golden dragon
  2746 | D        | Noticed a golden dragon (glowing shapeshifter)
  2746 | D        | a caustic shrike changed into a shadow dragon
  2746 | D        | Noticed a shadow dragon (glowing shapeshifter)
  2748 | D        | a juggernaut changed into a shard shrike
  2748 | D        | Noticed a shard shrike (glowing shapeshifter)
  2750 | D        | a golden dragon changed into a shadow dragon
  2750 | D        | Noticed a shadow dragon (glowing shapeshifter)
  2751 | D        | a shadow dragon changed into a caustic shrike
  2751 | D        | Noticed a caustic shrike (glowing shapeshifter)
  2751 | D        | an iron dragon changed into a caustic shrike
  2751 | D        | Noticed a caustic shrike (glowing shapeshifter)
  2751 | D        | a shadow dragon changed into a quicksilver dragon
  2751 | D        | Noticed a quicksilver dragon (glowing shapeshifter)
  2752 | D        | a juggernaut changed into a rockslime
  2752 | D        | a shard shrike changed into a titan
  2752 | D        | Noticed a titan (glowing shapeshifter)
  2754 | D        | a caustic shrike changed into an iron troll
  2754 | D        | a quicksilver dragon changed into a sphinx
  2754 | D        | Noticed a sphinx (glowing shapeshifter)
  2756 | D        | an azure jelly changed into a storm dragon
  2756 | D        | Noticed a storm dragon (glowing shapeshifter)
  2756 | D        | a titan changed into a caustic shrike
  2756 | D        | Noticed a caustic shrike (glowing shapeshifter)
  2756 | D        | a sphinx changed into a fire giant
  2756 | D        | a caustic shrike changed into an iron troll
  2758 | D        | a caustic shrike changed into an iron dragon
  2760 | D        | a rockslime changed into a shard shrike
  2760 | D        | Noticed a shard shrike (glowing shapeshifter)
  2760 | D        | an iron dragon changed into an acid blob
  2760 | D        | Noticed an acid blob (glowing shapeshifter)
  2765 | D        | Killed a shard shrike
  2765 | D        | a caustic shrike changed into a fire giant
  2766 | D        | Reached XP level 18. HP: 82/156 MP: 9/35
  2766 | D        | Killed an acid blob
  2767 | D        | Reached skill level 27 in Invocations
  2790 | D        | Found a transporter.
  2806 | D        | Got the +0 pair of boots "Oqiuhimp" {+Inv Will+ Dex-3}
  2823 | D        | Got the ring of Midnight {*Slow rN+ Str+5 Dex+3 Stlth-}
  2833 | D        | Got the Papyrus of the Remoulded Tesseract
  2890 | D        | Entered arena 25.
  2896 | D        | Noticed a deep elf master archer
  2896 | D        | Identified the +9 hand axe "Muemec" {flame, rPois rCorr}
  2896 | D        | Paralysed by an air elemental for 1 turns
  2897 | D        | Noticed a deep elf blademaster
  2897 | D        | Noticed a deep elf master archer
  2897 | D        | Noticed a deep elf master archer
  2898 | D        | Noticed a deep elf blademaster
  2898 | D        | Noticed a deep elf master archer
  2899 | D        | Identified the ring "Zoematt" {rF- AC+4 Int+4 SInv}
  2899 | D        | Noticed a deep elf blademaster
  2900 | D        | Killed a deep elf blademaster
  2900 | D        | Killed a deep elf master archer
  2900 | D        | Killed a deep elf master archer
  2900 | D        | Killed a deep elf blademaster
  2900 | D        | Killed a deep elf blademaster
  2900 | D        | Killed a deep elf master archer
  2900 | D        | Killed a deep elf master archer
  2900 | D        | Paralysed by an air elemental for 1 turns
  2906 | D        | Noticed a deep elf master archer
  2912 | D        | Found a transporter.
  2919 | D        | Killed a deep elf master archer
  2923 | D        | Killed a deep elf master archer
  2924 | D        | Reached skill level 10 in Evocations
  2959 | D        | Got the ring of Weqouleso {rF+ rCorr Slay+2}
  2976 | D        | Got the ring of Res Nullius {Int+6 Dex+5}
  2976 | D        | Got Gloorx Vloq's Secrets of Bodies
  3038 | D        | Entered arena 26.
  3046 | D        | Noticed Finaotuisab the pandemonium lord
  3046 | D        | Noticed Lyfye the pandemonium lord
  3046 | D        | Noticed Tosutami the pandemonium lord
  3046 | D        | Noticed Lijak the pandemonium lord
  3046 | D        | Noticed Cextoca the pandemonium lord
  3046 | D        | Noticed Vutar the pandemonium lord
  3046 | D        | Noticed Yqis Qona the pandemonium lord
  3047 | D        | Noticed Xawkih the pandemonium lord
  3047 | D        | Noticed a Brimstone Fiend
  3047 | D        | Noticed Porph the pandemonium lord
  3047 | D        | Noticed Zeosmoh the pandemonium lord
  3047 | D        | Noticed Byfaqe the pandemonium lord
  3047 | D        | Noticed Siwkecoc the pandemonium lord
  3047 | D        | Noticed Sainn the pandemonium lord
  3047 | D        | Noticed Cukep the pandemonium lord
  3048 | D        | Noticed Tenow the pandemonium lord
  3048 | D        | Noticed Torib the pandemonium lord
  3048 | D        | Noticed Neklap the pandemonium lord
  3048 | D        | Noticed Roaraoc the pandemonium lord
  3048 | D        | Noticed Toerur the pandemonium lord
  3049 | D        | Noticed Homacy the pandemonium lord
  3053 | D        | Killed Xawkih the pandemonium lord
  3053 | D        | Killed Lyfye the pandemonium lord
  3053 | D        | Killed Yqis Qona the pandemonium lord
  3053 | D        | Killed Byfaqe the pandemonium lord
  3053 | D        | Killed Lijak the pandemonium lord
  3054 | D        | Reached XP level 19. HP: 82/180 MP: 13/36
  3055 | D        | Noticed Udwe the pandemonium lord
  3057 | D        | Noticed Jir Extu the pandemonium lord
  3058 | D        | Noticed Cioplinuva the pandemonium lord
  3058 | D        | Killed Cukep the pandemonium lord
  3059 | D        | Noticed Kaup the pandemonium lord
  3059 | D        | Noticed Ocenolup the pandemonium lord
  3059 | D        | Killed Torib the pandemonium lord
  3059 | D        | Killed a Brimstone Fiend
  3060 | D        | Noticed Etsius the pandemonium lord
  3061 | D        | Killed Tenow the pandemonium lord
  3062 | D        | Killed from afar by Cioplinuva the pandemonium lord

Illustrated notes

Levels and vault maps discovered:
D:        sprint_v [room_start, room_1, room_2, room_3, room_4, room_5, room_6,
          room_7, room_8, room_9, room_10, room_11, room_12, room_13, room_14,
          room_15, room_16, room_17, room_18, room_19, room_20, room_21,
          room_22, room_23, room_24, room_25, room_26, room_27]

Skill      XL: |  1  2  3  4  5  6  7  8  9 10 11 12 13 14 15 16 17 18 19 |
---------------+----------------------------------------------------------+-----
Fighting       | 4 5 6 7 8 9 10 11 12 13 15 17 24 | 24.7
Armour         | 4 5 7 9 10 11 13 14 15 16 19 24 | 24.8
Shields        | 4 5 7 8 10 11 12 14 17 18 19 20 21 24 27 | 27.0
Polearms       | 3 4 5 7 9 10 12 13 14 16 17 21 22 | 22.1
Invocations    | 3 5 7 9 10 13 14 18 19 21 23 26 27 | 27.0
Evocations     | 2 3 4 5 6 7 8 10 11 | 11.4
Spellcasting   | 4 7 9 10 | 10.0
Stealth        | 1 4 5 9 |  9.6
Transmutations | 5 8 12 14 | 14.9
Dodging        | 1 |  1.0

Action                     |  1- 3 |  4- 6 |  7- 9 | 10-12 | 13-15 | 16-18 | 19-21 || total
---------------------------+-------+-------+-------+-------+-------+-------+-------++-------
  Melee: Lance             |     3 |    23 |    49 |   105 |    85 |   248 |       ||   513
   Cast: Wereblood         |       |       |       |       |       |     4 |       ||     4
 Invoke: Upheaval          |       |       |       |     1 |       |       |       ||     1
         Disaster Area     |       |       |       |     2 |     3 |     9 |       ||    14
         Elemental Force   |       |       |       |     2 |     2 |       |     1 ||     5
  Evoke: Wand              |       |       |     3 |       |       |       |       ||     3
         Condenser vane    |       |       |       |     3 |     8 |     7 |     2 ||    20
         Phantom mirror    |       |       |       |     1 |       |       |     1 ||     2
         Box of beasts     |       |       |       |       |       |       |     1 ||     1
    Use: Potion            |       |     2 |       |     2 |     4 |     1 |     3 ||    12
         Scroll            |       |       |       |     1 |       |     1 |       ||     2
   Stab: Distracted        |       |       |       |     2 |       |       |       ||     2
         Confused          |       |       |       |       |     4 |     5 |       ||     9
 Armour: Gold dragon scale |     1 |    26 |    41 |    38 |    14 |    65 |     1 ||   186
  Dodge: Dodged            |       |     1 |       |     3 |     1 |    12 |     1 ||    18
  Block: Kite shield       |     1 |    48 |    69 |   141 |    69 |   329 |     4 ||   661

Table legend: (Time is in decaauts)
 A = Elapsed time spent in this place.
 B = Non-inter-level travel time spent in this place.
 C = Inter-level travel time spent in this place.
 D = Time resting spent in this place.
 E = Time spent auto-exploring this place.
 F = Levels seen in this place.
 G = Mean time per level.
                   A        B        C        D        E       F      G
               +--------+--------+--------+--------+--------+-----+--------+
         Total |   2879 |   2879 |      0 |   1131 |    101 |   1 | 2879.0 |
       Dungeon |   2879 |   2879 |      0 |   1131 |    101 |   1 | 2879.0 |
               +--------+--------+--------+--------+--------+-----+--------+

Top non-repeatable levels by time:
       D: 2879 daAuts
